 Dungeon Crawl Stone Soup version 0.31.0-11-ge490571c62 (webtiles) character file.

Game seed: 2575286809457043380

767 Arcadio the Covert (level 7, -3/55 HPs)
             Began as a Naga Ice Elementalist on Jan 29, 2024.
             Was an Initiate of Elyvilon.
             Slain by a gnoll sergeant
             ... wielding a +4 spear of venom
              (8 damage)
             ... on level 5 of the Dungeon.
             The game lasted 00:09:23 (4638 turns).

Arcadio the Covert (Naga Ice Elementalist)          Turns: 4638, Time: 00:09:23

Health: -3/55      AC:  4    Str: 10    XL:     7   Next: 82%
Magic:  21/23      EV:  9    Int: 18    God:    Elyvilon [......]
Gold:   296        SH:  0    Dex: 11    Spells: 5/15 levels left

rFire   . . .        m - +2 short sword (venom)
rCold   . . .        (no shield)
rNeg    . . .        a - +0 robe
rPois   +            h - +0 helmet
rElec   .            (no cloak)
rCorr   .            (no gloves)
SInv    +            (no barding)
Will    +....        (no amulet)
Stlth   ++++         g - ring of magical power
HPRegen 0.29/turn    (no ring)
MPRegen 0.18/turn

%: no passive effects
@: lethally poisoned (-3 -> -13), about to teleport, short of breath,
enlightened, flying, very slow
A: AC +2, large, see invisible, deformed body, poison resistance, slowness 2,
spit poison 1, naga tail 1
a: Spit Poison, Renounce Religion


You were on level 5 of the Dungeon.
You worshipped Elyvilon.
Elyvilon was noncommittal.
You visited 1 branch of the dungeon, and saw 5 of its levels.

You collected 296 gold pieces.

Inventory:

Hand Weapons
 c - a +0 dagger
 f - a +1 spear of venom
 m - a +2 short sword of venom (weapon)
Armour
 a - a +0 robe (worn)
 h - a +0 helmet (worn)
Jewellery
 g - a ring of magical power (left hand)
Wands
 o - a wand of mindburst (9)
 q - a wand of paralysis (6)
Scrolls
 e - 2 scrolls of teleportation
 j - a scroll of silence {unknown}
 k - 4 scrolls of enchant weapon {unknown}
 l - a scroll of blinking {unknown}
 n - 2 scrolls of revelation {unknown}
 r - 3 scrolls of identify
 t - a scroll of poison {unknown}
 v - 2 scrolls of fog {unknown}
Potions
 b - 2 potions of magic
 i - a potion of mutation {unknown}
 p - a potion of lignification {unknown}
 s - a potion of might {unknown}
 u - a potion of curing {unknown}
 w - a potion of attraction {unknown}
 x - a potion of heal wounds {unknown}


   Skills:
 - Level 1.5 Dodging
 + Level 8.2 Stealth
 + Level 4.7 Spellcasting
 + Level 6.3 Ice Magic


You had 5 spell levels left.
You knew the following spells:

 Your Spells              Type           Power      Damage    Failure   Level
a - Freeze                Ice            100%       1d10      1%          1
b - Frozen Ramparts       Ice            52%        1d8       3%          3
c - Ozocubu's Armour      Ice            26%        N/A       3%          3
d - Summon Ice Beast      Ice/Summ       15%        N/A       11%         3

Your spell library contained the following spells:

 Spells                   Type           Power      Damage    Failure   Level


Dungeon Overview and Level Annotations

Branches:
Dungeon (5/15)
 Temple: D:4-7

Altars:
Elyvilon
Hepliaklqana
Qazlal

Annotations:
D:3 2 transporters, flestrin's ghost, amateur SpEn


Innate Abilities, Weirdness & Mutations

Your serpentine skin is tough. (AC +2)
You have supernaturally acute eyesight. (SInv)
Armour fits poorly on your strangely shaped body.
Your system is resistant to poisons. (rPois)
You cover ground very slowly.
You can spit poison.
You have a snake-like lower body.


Message History

Confirm with . or Enter, or press ? or * to list all spells.
Casting: Frozen Ramparts (dangerous; 3% risk of failure)
Press: ? - help, Dir - look around, f - activate The walls around you are covered in ice.
The wall freezes the gnoll.
The gnoll barely misses you.
The wall freezes the gnoll sergeant but does no damage.
Aiming: Spit Poison (1% risk of failure)
Press: ? - help, Q - select action, (/) - cycle Shift-Dir - straight line, f - gnoll sergeant
Aim: a gnoll sergeant, wielding a +4 spear of venom and wearing a +0 scale mail (70% to hit)
The splash of poison hits the gnoll sergeant.
The gnoll sergeant is lightly wounded.
The wall freezes the gnoll!
You kill the gnoll!
The wall freezes the gnoll sergeant but does no damage.
The gnoll sergeant hits you from afar with a +4 spear of venom!
You are poisoned.
The wall freezes the gnoll.
Okay, then.
Okay, then.
The frozen ramparts melt away as you move.
You feel extremely sick.
Okay, then.
As you read the scroll labelled YCHUUN NYLAO, it crumbles to dust.
It is a scroll of identify.
e - 3 scrolls of teleportation;
r - 3 scrolls of identify
d - a fuming ruby potion You feel very sick.
The gnoll sergeant hits you from afar with a +4 spear of venom!
As you read the scroll of teleportation, it crumbles to dust.
You feel strangely unstable.
You feel very sick.
The gnoll sergeant hits you from afar with a +4 spear of venom.
* * * LOW HITPOINT WARNING * * *
It was a potion of enlightenment.
You feel very buoyant.
You fly up into the air.
* * * LOW HITPOINT WARNING * * *
You feel very sick.
The gnoll sergeant hits you from afar with a +4 spear of venom!
You die...

#.# ###.....## ..##........#
#......... ####........#
#)#.#.#.#. ###.........#
#.....s... .##.........#
#.#.#.#.#. .##.........#
#........g .##..<......#
#.#.#.#.#.
.##.........########.........
.##.............@.gg.#.#.#.#.
.##†........#######g.........
.#......##### ###########
........# .#.#.#..# ........#
.#.#.#..# ........# .#.#.#..#


You could see a gnoll sergeant and 2 gnolls.

Vanquished Creatures
  A water moccasin (D:5)
  2 black bears
  3 scorpions
  An orc priest (D:3)
  Ijyb (D:3)
  2 sleepcaps
  An orc wizard (D:3)
  Robin (D:3)
  A gnoll (D:5)
  6 adders
  A shadow imp (D:3)
  5 dart slugs
  A ribbon worm (D:4)
  6 orcs
  5 bats
  4 endoplasms
  A giant cockroach (D:4)
  13 goblins
  11 hobgoblins
  7 jackals
  3 quokkas
  11 ball pythons
  4 kobolds
  6 rats
97 creatures vanquished.

Notes
Turn   | Place    | Note
-------+----------+-------------------------------------------
     0 | D:1      | Arcadio the Naga Ice Elementalist began the quest for the
                  | Orb.
     0 | D:1      | Reached XP level 1. HP: 15/15 MP: 3/3
   223 | D:1      | Reached XP level 2. HP: 21/22 MP: 3/5
  1043 | D:2      | Reached XP level 3. HP: 28/28 MP: 6/6
  1047 | D:2      | Learned a level 3 spell: Frozen Ramparts
  1058 | D:2      | Found a stormy altar of Qazlal.
  1070 | D:2      | Reached skill level 4 in Stealth
  1848 | D:3      | Noticed a necrophage
  1852 | D:3      | Found a transporter.
  1983 | D:3      | Reached XP level 4. HP: 35/36 MP: 8/8
  2046 | D:3      | Found a transporter.
  2048 | D:3      | Noticed flestrin's ghost (amateur SpEn)
  2250 | D:3      | Noticed Ijyb
  2252 | D:3      | Reached skill level 5 in Stealth
  2262 | D:3      | Killed Ijyb
  2263 | D:3      | Reached XP level 5. HP: 4/42 MP: 9/9
  2611 | D:3      | Noticed Robin
  2625 | D:3      | Killed Robin
  2634 | D:3      | Learned a level 3 spell: Ozocubu's Armour
  2638 | D:3      | Learned a level 3 spell: Summon Ice Beast
  2867 | D:3      | Reached skill level 5 in Ice Magic
  3166 | D:3      | Reached skill level 6 in Stealth
  3166 | D:3      | Reached XP level 6. HP: 21/49 MP: 11/11
  3547 | D:4      | Found a white marble altar of Elyvilon.
  3556 | D:4      | Became a worshipper of Elyvilon the Healer
  3766 | D:4      | Reached skill level 7 in Stealth
  3766 | D:4      | Reached XP level 7. HP: 54/55 MP: 13/13
  4220 | D:4      | Found a hazy altar of Hepliaklqana.
  4278 | D:5      | Entered Level 5 of the Dungeon
  4549 | D:5      | Reached skill level 8 in Stealth
  4638 | D:5      | Slain by a gnoll sergeant

Illustrated notes

Levels and vault maps discovered:
D:1:      tarquinn_simple_flora_water_a, layout_loops_ring
D:2:      layout_basic, basic_altar
D:3:      layout_loops_corners, gammafunk_ghost_mausoleum, hellmonk_no_cap,
          uniq_ijyb, uniq_robin
D:4:      layout_rooms, elyvilon_altar_1, nicolae_hepliaklqana_hippocampus
D:5:      layout_basic, serial_glass, glass_columns_c, glass_columns_c,
          nrook_loot_triangle, uniq_sigmund

Skill      XL: |  1  2  3  4  5  6  7 |
---------------+----------------------+-----
Stealth        | 4 5 6 7 8 |  8.2
Spellcasting   | 3 4 |  4.7
Ice Magic      | 5 6 |  6.3
Dodging        | |  1.5

Action                     |  1- 3 |  4- 6 |  7- 9 || total
---------------------------+-------+-------+-------++-------
  Melee: Dagger            |    14 |       |       ||    14
         Short sword       |    11 |    59 |    11 ||    81
   Cast: Freeze            |    40 |    31 |    11 ||    82
         Frozen Ramparts   |       |    12 |     5 ||    17
         Ozocubu's Armour  |       |     2 |     1 ||     3
Ability: Spit Poison       |     3 |     7 |     3 ||    13
    Use: Scroll            |       |       |     2 ||     2
         Potion            |       |       |     1 ||     1
   Stab: Sleeping          |     3 |     3 |     4 ||    10
 Armour: Robe              |    34 |    68 |    35 ||   137
  Dodge: Dodged            |    27 |    31 |    12 ||    70
